[Event "Team 45 45 League T56"]
[Site "Internet Chess Club"]
[Date "2013.02.21"]
[Round "1"]
[White "medsurg"]
[Black "sere"]
[Result "1-0"]
[WhiteElo "1284"]
[BlackElo "1211"]
[Opening "Queen's Pawn"]
[ECO "A41"]
[Time "14:31:12"]
[TimeControl "2700+45"]

1. d4 d6 2. Nf3 Nf6 3. Nc3 Bf5 4. Bg5 Nc6 5. Bxf6 exf6 6. e4 Bg6 7. Bc4 Be7 8.
Nd5 O-O 9. Bd3 Re8 10. O-O Qd7 11. c3 f5 12. exf5 Bxf5 13. Bxf5 Qxf5 14. Nxc7
Rac8 15. Nxe8 Rxe8 16. Re1 Rd8 17. d5 Ne5 18. Nxe5 dxe5 19. c4 Bc5 20. Qe2 Bd6
21. Qe4 Qh5 22. Rac1 f5 23. Qf3 Qh6 24. Qxf5 Re8 25. c5 Bb8 26. d6 a6 27. Rcd1
Ba7 28. d7 Rf8 29. Qxf8+ Kxf8 30. d8=Q+ {Black resigns} 1-0

[Event "Team 45 45 League T56"]
[Site "Internet Chess Club"]
[Date "2013.02.22"]
[Round "1"]
[White "bmw2002"]
[Black "almond123"]
[Result "1-0"]
[WhiteElo "1610"]
[BlackElo "1507"]
[Opening "English, 1...Nf6 (Anglo-Indian defense)"]
[ECO "A15"]
[Time "22:10:02"]
[TimeControl "2700+45"]

1. c4 Nf6 2. g3 Nc6 3. Bg2 g6 4. Nc3 Bg7 5. Nf3 d6 6. O-O O-O 7. d3 Bf5 8. e4
Bd7 9. Rb1 Qc8 10. Re1 Bh3 11. Bh1 Ng4 12. Ng5 Bd4 13. Nxh3 Nb4 14. a3 Nc6 15.
Bg2 Qd7 16. Be3 Nxe3 17. fxe3 Bg7 18. Nf4 Rfe8 19. Qf3 Ne5 20. Qe2 Nc6 21. d4 e6
22. Bh3 Qd8 23. Rbd1 Ne7 24. d5 e5 25. Nd3 c6 26. c5 Qc7 27. dxc6 Nxc6 28. Nd5
Qd8 29. Rf1 Rf8 30. Qd2 Ne7 31. cxd6 Qxd6 32. Nxe7+ Qxe7 33. Qb4 Qxb4 34. Nxb4
Bh6 35. Kf2 Rfd8 36. Nd5 Bg7 37. Rc1 h6 38. Rc7 b6 39. Ke2 Rf8 40. Bd7 Rfd8 41.
Bc6 Rac8 42. Rxc8 Rxc8 43. Ne7+ Kf8 44. Nxc8 {Black resigns} 1-0

[Event "Team 45 45 League T56"]
[Site "Internet Chess Club"]
[Date "2013.02.24"]
[Round "1"]
[White "ilovechess"]
[Black "Mitochondria"]
[Result "1-0"]
[WhiteElo "1543"]
[BlackElo "1441"]
[Opening "Sicilian: dragon, 6.Be3"]
[ECO "B72"]
[Time "17:00:54"]
[TimeControl "2700+45"]

1. e4 c5 2. Nf3 d6 3. d4 cxd4 4. Nxd4 Nf6 5. Nc3 g6 6. Be3 Bg7 7. Qd2 O-O 8. Bh6
Bd7 9. Bxg7 Kxg7 10. Bd3 Nc6 11. Nf3 Rc8 12. O-O a5 13. Rfe1 Ng4 14. h3 Nge5 15.
Nxe5 Nxe5 16. Be2 Bc6 17. Rad1 Qd7 18. f4 Bxe4 19. fxe5 Bxg2 20. Kxg2 {Black
resigns} 1-0

[Event "Team 45 45 League T56"]
[Site "Internet Chess Club"]
[Date "2013.02.24"]
[Round "1"]
[White "AlPearson"]
[Black "hi12980"]
[Result "0-1"]
[WhiteElo "1301"]
[BlackElo "1694"]
[Opening "Grünfeld: Stockholm variation"]
[ECO "D80"]
[Time "13:02:04"]
[TimeControl "2700+45"]

1. d4 Nf6 2. c4 g6 3. Nc3 d5 4. Bg5 c6 5. Nf3 dxc4 6. e3 b5 7. Be2 Bg7 8. O-O
O-O 9. a4 Ba6 10. Ne5 Nd5 11. Bf3 Nxc3 12. bxc3 f6 13. Nxc6 Nxc6 14. Bh4 Rc8 15.
axb5 Bxb5 16. Bxc6 Bxc6 17. Rxa7 Rc7 18. Qa1 Bh6 19. Rb1 Rxa7 20. Qxa7 Qd5 21.
f3 Bxe3+ 22. Bf2 Bxf2+ 23. Kxf2 Re8 24. Rb6 e5 25. Qc7 Ba8 26. dxe5 Qxe5 27.
Qxc4+ Bd5 28. Qc7 Qe1# {White checkmated} 0-1

[Event "Team 45 45 League T56"]
[Site "Internet Chess Club"]
[Date "2013.02.22"]
[Round "1"]
[White "browndeer"]
[Black "chuckh2"]
[Result "0-1"]
[WhiteElo "1428"]
[BlackElo "1321"]
[Opening "French: advance, Wade variation"]
[ECO "C02"]
[Time "19:00:41"]
[TimeControl "2700+45"]

1. e4 e6 2. d4 d5 3. e5 Bd7 4. Nf3 c5 5. c3 Qb6 6. Nbd2 Bb5 7. Bxb5+ Qxb5 8. Nb3
Nd7 9. Be3 Rc8 10. Qd3 Qxd3 11. h3 g6 12. Nfd2 Bh6 13. Bxh6 Nxh6 14. Rc1 Qb5 15.
Rb1 O-O 16. Rc1 c4 17. Na1 f6 18. O-O fxe5 19. Nf3 e4 20. Nd2 Rf6 21. Nc2 Rcf8
22. Rb1 Qb6 23. Ne3 Qc6 24. Rbc1 Rf4 25. Rb1 g5 26. g3 R4f7 27. Rbe1 Nf5 28. Ng2
h5 29. Rb1 Qb6 30. a3 e5 31. dxe5 Nxg3 32. Rfc1 Rxf2 33. Kh2 Rxg2+ 34. Kxg2 Qf2#
{White checkmated} 0-1

[Event "Team 45 45 League T56"]
[Site "Internet Chess Club"]
[Date "2013.02.24"]
[Round "1"]
[White "pereelcoix"]
[Black "Skeptic1972"]
[Result "1-0"]
[WhiteElo "1538"]
[BlackElo "1549"]
[Opening "French: Steinitz variation"]
[ECO "C11"]
[Time "15:00:06"]
[TimeControl "2700+45"]

1. e4 e6 2. d4 d5 3. Nc3 Nf6 4. e5 Nfd7 5. Nf3 c5 6. dxc5 Nc6 7. Bf4 Bxc5 8. Bb5
Qb6 9. O-O O-O 10. Bxc6 Qxc6 11. Rb1 Bb4 12. Qd3 Bxc3 13. Ng5 g6 14. Qh3 h5 15.
Qxc3 Qxc3 16. bxc3 Nb6 17. Be3 Nc4 18. Bf4 f6 19. exf6 Rxf6 20. Be3 b6 21. Rfe1
Ba6 22. Bd4 Rf5 23. Nxe6 Rc8 24. Ng7 Nd2 25. Nxf5 Nxb1 26. Ne7+ {Black resigns}
1-0

[Event "Team 45 45 League T56"]
[Site "Internet Chess Club"]
[Date "2013.02.23"]
[Round "1"]
[White "Manch"]
[Black "sockmonkey"]
[Result "0-1"]
[WhiteElo "1613"]
[BlackElo "1659"]
[Opening "Réti: advance variation"]
[ECO "A09"]
[Time "12:20:32"]
[TimeControl "2700+45"]

1. Nf3 d5 2. c4 d4 3. d3 c5 4. a3 Nc6 5. Bd2 e5 6. b4 a6 7. b5 axb5 8. cxb5 Na5
9. Nxe5 Bd6 10. Nf3 Be6 11. Bxa5 Qxa5+ 12. Nfd2 Nf6 13. a4 O-O 14. e4 dxe3 15.
fxe3 Ng4 16. Qf3 Nxh2 17. Qxb7 Bg3+ 18. Ke2 Bg4+ 19. Nf3 Qe1# {White checkmated}
0-1

[Event "Team 45 45 League T56"]
[Site "Internet Chess Club"]
[Date "2013.02.24"]
[Round "1"]
[White "Grenadier"]
[Black "room-matt"]
[Result "1-0"]
[WhiteElo "1713"]
[BlackElo "1796"]
[Opening "Ruy Lopez: Bird's defense"]
[ECO "C61"]
[Time "09:02:33"]
[TimeControl "2700+45"]

1. e4 e5 2. Nf3 Nc6 3. Bb5 Nd4 4. Nxd4 exd4 5. O-O Bc5 6. c3 c6 7. Ba4 Ne7 8. d3
O-O 9. Nd2 d5 10. cxd4 Bxd4 11. Kh1 Qc7 12. f4 dxe4 13. dxe4 Rd8 14. Qe2 Qa5 15.
Bb3 Bxb2 16. Nc4 Qb5 17. Qxb2 Be6 18. Qc3 Qh5 19. Bb2 Qh6 20. f5 Bxc4 21. Qxc4
Rf8 22. Rad1 Rae8 23. Ba3 b5 24. Qd4 a5 25. Rf3 a4 26. Bc2 Qh4 27. Bb2 f6 28.
Qf2 Qxf2 29. Rxf2 Nc8 30. Rfd2 Nb6 31. Bd3 Rc8 32. Bd4 c5 33. Bg1 Nc4 34. Bxc4+
bxc4 35. Rc2 Rfd8 36. Rxd8+ Rxd8 37. Rxc4 Rd2 38. Rxa4 Rc2 39. Ra8+ Kf7 40. Bxc5
Rc1+ 41. Bg1 {Black resigns} 1-0

[Event "Team 45 45 League T56"]
[Site "Internet Chess Club"]
[Date "2013.02.24"]
[Round "1"]
[White "chrisgianno"]
[Black "zepled37"]
[Result "1-0"]
[WhiteElo "1669"]
[BlackElo "1548"]
[Opening "Queen's pawn"]
[ECO "A40"]
[Time "11:18:43"]
[TimeControl "2700+45"]

1. d4 e6 2. Nf3 d5 3. Bf4 c5 4. e3 Nc6 5. Nbd2 cxd4 6. exd4 Bd6 7. Bg3 a6 8. c3
Nf6 9. Bd3 O-O 10. Qc2 h6 11. O-O Qc7 12. Rfe1 b6 13. Ne5 Bb7 14. Ndf3 Rac8 15.
Rac1 Qe7 16. Qd2 b5 17. Bh4 Rfe8 18. Ng4 Qc7 19. Bxf6 Bf4 20. Nxh6+ Bxh6 21. Bg5
Bxg5 22. Qxg5 Qe7 23. Qh5 g6 24. Qg4 Kg7 25. g3 b4 26. Nh4 Qf6 27. f4 Nxd4 28.
Re5 bxc3 29. bxc3 Nc6 30. Nxg6 Nxe5 31. Nxe5+ Kf8 32. Nd7+ {Black resigns} 1-0

[Event "Team 45 45 League T56"]
[Site "Internet Chess Club"]
[Date "2013.02.24"]
[Round "1"]
[White "GoIrish"]
[Black "Signalman"]
[Result "1-0"]
[WhiteElo "1598"]
[BlackElo "1517"]
[Opening "Réti opening"]
[ECO "A04"]
[Time "13:30:24"]
[TimeControl "2700+45"]

1. Nf3 d6 2. g3 e5 3. d3 f5 4. Bg2 Nf6 5. O-O Be7 6. c4 O-O 7. Nc3 Qe8 8. b4 Qh5
9. Nd5 Bd8 10. Nxf6+ Bxf6 11. h4 f4 12. Nh2 Na6 13. a3 Rb8 14. Bf3 Qe8 15. Ra2
c5 16. b5 Nc7 17. Ng4 Bd8 18. e3 h5 19. Nh2 fxg3 20. fxg3 g6 21. Raf2 Bh3 22.
Bd5+ Ne6 23. Bxe6+ Qxe6 24. Rxf8+ Kg7 25. R1f7+ Kh6 26. Rh8# {Black checkmated}
1-0

[Event "Team 45 45 League T56"]
[Site "Internet Chess Club"]
[Date "2013.02.26"]
[Round "1"]
[White "werty"]
[Black "BrerRabbit"]
[Result "1-0"]
[WhiteElo "1554"]
[BlackElo "1456"]
[Opening "King's Indian: London system"]
[ECO "A45"]
[Time "14:17:39"]
[TimeControl "2700+45"]

1. d4 Nf6 2. Bf4 g6 3. Nf3 Bg7 4. e3 d6 5. h3 O-O 6. Be2 Nfd7 7. O-O e5 8. Bh2
f5 9. dxe5 dxe5 10. c3 Nc6 11. Nbd2 Nb6 12. Bb5 e4 13. Nd4 Ne5 14. a3 Bd7 15.
Bxd7 Qxd7 16. Qb3+ Qd5 17. Qxd5+ Nxd5 18. Bxe5 Bxe5 19. N2b3 a6 20. Rad1 Bd6 21.
Ne6 Rfe8 22. Nxc7 Bxc7 23. Rxd5 Re7 24. Rfd1 Kf8 25. Kf1 Ke8 26. Ke2 Rd8 27. Nc5
Rxd5 28. Rxd5 Bb6 29. a4 Ba7 30. a5 Bb8 31. b4 Ba7 32. Nb3 Bb8 33. Nc5 Ba7 34.
f3 exf3+ 35. gxf3 Bb8 36. e4 fxe4 37. Nxe4 Be5 38. c4 Bc3 39. b5 axb5 40. Rxb5
Be5 41. Kd3 Rd7+ 42. Rd5 Re7 43. Nd6+ Bxd6 44. Rxd6 Rf7 45. Ke4 Rc7 46. Kd5 Rf7
47. Rb6 Rf5+ 48. Ke6 Rxf3 49. Rxb7 Re3+ 50. Kd6 Ra3 51. Ke6 Rxa5 52. Rb8# {Black
checkmated} 1-0

[Event "Team 45 45 League T56"]
[Site "Internet Chess Club"]
[Date "2013.02.24"]
[Round "1"]
[White "steadman"]
[Black "chess9793"]
[Result "0-1"]
[WhiteElo "2129"]
[BlackElo "2100"]
[Opening "Grünfeld: exchange variation"]
[ECO "D85"]
[Time "22:37:37"]
[TimeControl "2700+45"]

1. d4 Nf6 2. c4 d5 3. Nc3 g6 4. cxd5 Nxd5 5. e4 Nxc3 6. bxc3 Bg7 7. Bg5 O-O 8.
Nf3 c5 9. Rc1 Qa5 10. Qd2 Qc7 11. Be2 Rd8 12. O-O Nc6 13. d5 Bg4 14. Qe3 Ne5 15.
Nxe5 Bxe2 16. Nxf7 Bxf1 17. Nxd8 Rxd8 18. Rxf1 Qe5 19. Rc1 b6 20. f4 Qc7 21. Qh3
Qd6 {White forfeits on time} 0-1

[Event "Team 45 45 League T56"]
[Site "Internet Chess Club"]
[Date "2013.02.22"]
[Round "1"]
[White "frank001"]
[Black "stile"]
[Result "1/2-1/2"]
[WhiteElo "1841"]
[BlackElo "1792"]
[Opening "Dutch"]
[ECO "A80"]
[Time "23:08:15"]
[TimeControl "2700+45"]

1. d4 f5 2. Nc3 d5 3. Bf4 c6 4. e3 Nf6 5. Nf3 e6 6. Bd3 Be7 7. a3 O-O 8. h3 Bd7
9. Ne2 Be8 10. Ne5 Nbd7 11. f3 Rc8 12. Qd2 c5 13. c3 a6 14. g4 Nxe5 15. dxe5 Nd7
16. O-O-O Bg6 17. gxf5 Bxf5 18. Bxf5 Rxf5 19. Ng3 Rxe5 20. Bxe5 Nxe5 21. f4 Nc4
22. Qe2 b5 23. Nh5 b4 24. Qg4 Bf8 25. Qxe6+ Kh8 26. Rxd5 Qe8 27. Qxe8 Rxe8 28.
Re1 bxa3 29. bxa3 Nxa3 30. Rd7 Rb8 31. Kd2 c4 {Game drawn by mutual agreement}
1/2-1/2

[Event "Team 45 45 League T56"]
[Site "Internet Chess Club"]
[Date "2013.02.24"]
[Round "1"]
[White "leland"]
[Black "FlyingTiger"]
[Result "1-0"]
[WhiteElo "1900"]
[BlackElo "1768"]
[Opening "Sicilian: accelerated fianchetto, modern variation with Bc4"]
[ECO "B35"]
[Time "20:10:21"]
[TimeControl "2700+45"]

1. e4 c5 2. Nf3 g6 3. d4 cxd4 4. Nxd4 Nc6 5. Nc3 Bg7 6. Be3 Nf6 7. Bc4 O-O 8.
Bb3 a5 9. O-O d6 10. Re1 Ng4 11. Ndb5 Nxe3 12. Rxe3 Bd7 13. a4 Nb4 14. Qe2 Qb6
15. Nd5 Nxd5 16. exd5 Bxb5 17. axb5 Bxb2 18. Ra4 Bf6 19. h4 Rac8 20. h5 Rc5 21.
hxg6 fxg6 22. Bc4 Rcc8 23. Rh3 Be5 24. Bd3 Rf7 25. Rah4 Rcf8 26. Rf3 Rxf3 27.
gxf3 Qc5 28. Qe4 Rf6 29. f4 Bd4 30. Rh2 a4 31. Qxe7 Rf7 32. Qe8+ Kg7 33. Rxh7+
Kxh7 34. Qxf7+ Kh8 35. Bxg6 Bxf2+ 36. Kg2 {Black resigns} 1-0

[Event "Team 45 45 League T56"]
[Site "Internet Chess Club"]
[Date "2013.02.21"]
[Round "1"]
[White "David1"]
[Black "Jack-ONeill"]
[Result "1-0"]
[WhiteElo "2246"]
[BlackElo "2043"]
[Opening "Bogo-Indian defense"]
[ECO "E11"]
[Time "10:55:55"]
[TimeControl "2700+45"]

1. d4 Nf6 2. c4 e6 3. Nf3 Bb4+ 4. Bd2 a5 5. Nc3 O-O 6. e3 d6 7. Bd3 Nbd7 8. O-O
e5 9. Bc2 Qe7 10. a3 Bxc3 11. Bxc3 b6 12. e4 Bb7 13. Re1 Rfd8 14. b4 axb4 15.
axb4 Rxa1 16. Qxa1 Ra8 17. Qb2 exd4 18. Nxd4 g6 19. Bd2 Ne5 20. Qc3 Qf8 21. f4
Ned7 22. Nf3 Re8 23. e5 Ng4 24. h3 Nh6 25. Ng5 dxe5 26. fxe5 f6 27. exf6 Rxe1+
28. Bxe1 Qxf6 29. Qxf6 Nxf6 30. Ne6 Ne8 31. Bb3 {Black resigns} 1-0

[Event "Team 45 45 League T56"]
[Site "Internet Chess Club"]
[Date "2013.02.21"]
[Round "1"]
[White "Ptzz"]
[Black "HematiteBrown"]
[Result "0-1"]
[WhiteElo "2133"]
[BlackElo "1993"]
[Opening "King's Indian: orthodox, Aronin-Taimanov, bayonet attack"]
[ECO "E97"]
[Time "13:01:01"]
[TimeControl "2700+45"]

1. d4 Nf6 2. c4 g6 3. Nc3 Bg7 4. e4 d6 5. Be2 O-O 6. Nf3 e5 7. O-O Nc6 8. d5 Ne7
9. b4 Nh5 10. Re1 h6 11. c5 f5 12. Nd2 Nf4 13. Bf1 fxe4 14. Ndxe4 Nf5 15. g3 Nh5
16. g4 Nh4 17. Be2 Nf4 18. Bxf4 Rxf4 19. f3 h5 20. Rf1 Bh6 21. Qd3 Qf8 22. cxd6
cxd6 23. Nb5 hxg4 24. fxg4 Bxg4 25. Bxg4 Rxg4+ 26. Kh1 Nf5 27. Rg1 Rxg1+ 28.
Rxg1 Ne3 29. Rxg6+ Kh8 30. Nf6 Rc8 31. Nc3 e4 32. Qd2 Ng4 33. Qd4 Be3 34. Rxg4
Bxd4 35. Rh4+ Kg7 36. Nh5+ Kg8 37. Rg4+ Kh8 {White resigns} 0-1

[Event "Team 45 45 League T56"]
[Site "Internet Chess Club"]
[Date "2013.02.22"]
[Round "1"]
[White "pmcglothin"]
[Black "Holgate"]
[Result "0-1"]
[WhiteElo "1844"]
[BlackElo "2021"]
[Opening "Sicilian: closed"]
[ECO "B24"]
[Time "13:01:01"]
[TimeControl "2700+45"]

1. e4 c5 2. Nc3 g6 3. g3 Bg7 4. Bg2 Nc6 5. Nge2 e6 6. d3 Nge7 7. Be3 Nd4 8. O-O
O-O 9. Qd2 d6 10. Nd1 Rb8 11. c3 Nxe2+ 12. Qxe2 Nc6 13. Qd2 Qa5 14. Bf4 Rd8 15.
Bg5 Rd7 16. Bh6 Bh8 17. Ne3 b5 18. Rfc1 b4 19. Nc4 Qd8 20. Bg5 bxc3 21. bxc3 Qc7
22. Qc2 Ba6 23. Nd2 Ne5 24. Bf1 Qa5 25. Rab1 Rdb7 26. Rxb7 Rxb7 27. Kg2 h5 28.
d4 Bxf1+ 29. Nxf1 Nc4 30. Rb1 Na3 {White resigns} 0-1

[Event "Team 45 45 League T56"]
[Site "Internet Chess Club"]
[Date "2013.02.23"]
[Round "1"]
[White "PandorasBox"]
[Black "sra66"]
[Result "1-0"]
[WhiteElo "1915"]
[BlackElo "1736"]
[Opening "English, 1...Nf6 (Anglo-Indian defense)"]
[ECO "A15"]
[Time "17:15:46"]
[TimeControl "2700+45"]

1. c4 Nf6 2. g3 g6 3. Bg2 Bg7 4. Nc3 d6 5. e4 Bg4 6. Nge2 e5 7. d3 O-O 8. Bg5
Qc8 9. Qd2 c6 10. h3 Be6 11. g4 Kh8 12. Bxf6 Bxf6 13. g5 Bg7 14. h4 Rg8 15. h5
gxh5 16. Rxh5 Bg4 17. Rh4 Bf8 18. O-O-O Rg7 19. f3 Be7 20. Rxg4 Qxg4 21. fxg4
Bxg5 22. Bf3 Nd7 23. Ng3 Bxd2+ 24. Kxd2 Re8 25. Nf5 Rg6 26. Rh1 Nf6 27. Nxd6 Re7
28. Rh4 Nxg4 29. Nf5 Ree6 30. Bxg4 {Black resigns} 1-0

[Event "Team 45 45 League T56"]
[Site "Internet Chess Club"]
[Date "2013.02.23"]
[Round "1"]
[White "clarinetref"]
[Black "FlyingTiger"]
[Result "1/2-1/2"]
[WhiteElo "1683"]
[BlackElo "1779"]
[Opening "Sicilian: Hungarian variation"]
[ECO "B27"]
[Time "20:30:35"]
[TimeControl "2700+45"]

1. e4 c5 2. Nf3 g6 3. d4 cxd4 4. Qxd4 Nf6 5. Nc3 Nc6 6. Qd1 d6 7. h3 Bg7 8. Be3
Qa5 9. Qd2 h6 10. Nb5 Qxd2+ 11. Nxd2 O-O 12. Bc4 Bd7 13. c3 Ne5 14. Be2 a6 15.
Nc7 Rac8 16. Nd5 Nxd5 17. exd5 b5 18. O-O Bf5 19. Nf3 Nxf3+ 20. Bxf3 b4 21. Bd4
bxc3 22. bxc3 Bxd4 23. cxd4 Rc2 24. Rfc1 Rfc8 25. Rxc2 Rxc2 26. g4 Bd3 27. Bd1
Rb2 28. Bb3 Rb1+ 29. Rxb1 Bxb1 30. f4 g5 31. f5 f6 32. Kf2 Be4 33. Kg3 Kf8 34.
Bc4 a5 35. h4 Ke8 36. Bb5+ Kd8 37. Bc6 Kc7 38. hxg5 hxg5 39. a4 Kb6 40. Kf2 Bd3
41. Ke3 Bc2 42. Kf2 Bd1 43. Kg3 Kc7 44. Kh3 {Game drawn by mutual agreement}
1/2-1/2

[Event "Team 45 45 League T56"]
[Site "Internet Chess Club"]
[Date "2013.02.25"]
[Round "1"]
[White "Berke"]
[Black "Aquaman"]
[Result "0-1"]
[WhiteElo "1497"]
[BlackElo "1340"]
[Opening "Philidor: Improved Hanham variation"]
[ECO "C25"]
[Time "15:00:43"]
[TimeControl "2700+45"]

1. e4 e5 2. Nc3 d6 3. Nf3 Nf6 4. d4 Nbd7 5. Bb5 c6 6. Bd3 Be7 7. O-O O-O 8. Be3
exd4 9. Nxd4 Nc5 10. f4 Nxd3 11. Qxd3 c5 12. Nf3 Re8 13. Rad1 a6 14. a4 b6 15.
Nd5 Nxd5 16. exd5 g6 17. c4 Bd7 18. b3 Rb8 19. Rf2 b5 20. axb5 axb5 21. Nd2 b4
22. Rf3 Bg4 23. Ne4 Bxf3 24. gxf3 f5 25. Ng3 Rf8 26. Bf2 Qd7 27. Kg2 Bf6 {White
resigns} 0-1

[Event "Team 45 45 League T56"]
[Site "Internet Chess Club"]
[Date "2013.02.25"]
[Round "1"]
[White "misuc56"]
[Black "Portola"]
[Result "1-0"]
[WhiteElo "1752"]
[BlackElo "1836"]
[Opening "Queen's gambit declined"]
[ECO "D30"]
[Time "09:00:36"]
[TimeControl "2700+45"]

1. d4 d5 2. c4 e6 3. e3 Nf6 4. Nc3 Be7 5. Nf3 O-O 6. Bd2 b6 7. h3 Bb7 8. Rc1
Nbd7 9. Be2 c5 10. cxd5 exd5 11. O-O a6 12. a3 Re8 13. Be1 Rc8 14. Nh2 cxd4 15.
exd4 Bd6 16. Bd2 Nf8 17. Re1 Ng6 18. Bd3 Rxe1+ 19. Qxe1 Qd7 20. Nf3 Nf4 21. Bb1
Re8 22. Qf1 b5 23. Bxf4 Bxf4 24. Re1 Ne4 25. Ne2 Bh6 26. Rd1 Qe7 27. Ng3 Qd7 28.
Qd3 g6 29. Ne5 Qd6 30. Qf3 f5 31. Qd3 Bg7 32. f4 Bh6 33. Rf1 Rc8 34. Ba2 Nxg3
35. Qxg3 Bg7 36. Qd3 Qc7 37. Bb3 Qd6 38. h4 Bxe5 39. fxe5 Qe6 40. h5 Kg7 41. Qg3
Qb6 42. Qf4 Qe6 43. hxg6 hxg6 44. Rf3 Rh8 45. Rg3 Bc8 46. Qf3 Bb7 47. Qf4 Kf7
48. Rc3 Rc8 49. Rh3 Rg8 50. Qh6 Rg7 51. Rc3 Kg8 52. Bc2 Qb6 53. Rc5 Qa5 54. Qe3
Qd8 55. b4 Qh4 56. Qf2 Qh6 57. Bb3 Rh7 58. Kf1 Qg5 59. Rc3 Rh1+ 60. Ke2 Qg4+ 61.
Kd2 Qg5+ 62. Ke2 Qg4+ 63. Kd2 Rb1 64. Bc2 Qg5+ 65. Re3 f4 66. Rf3 Rh1 67. Bd3
Ra1 68. Bc2 Rh1 69. Kc3 Rh4 70. g3 Rg4 71. gxf4 Qd8 72. Rg3 Qc7+ 73. Kb2 Bc8 74.
Rxg4 Bxg4 75. Bxg6 Qc4 76. Bc2 Qe2 77. Qxe2 Bxe2 78. f5 Kf7 79. Kc3 Bf3 80. Kd2
Bg2 81. Ke3 Bh1 82. Bd1 Be4 83. Kf4 Bd3 84. Bh5+ Ke7 85. f6+ Kf8 86. e6 {Black
resigns} 1-0

[Event "Team 45 45 League T56"]
[Site "Internet Chess Club"]
[Date "2013.02.21"]
[Round "1"]
[White "rubo"]
[Black "WOLFSPELZ"]
[Result "1-0"]
[WhiteElo "1707"]
[BlackElo "1474"]
[Opening "Bird: From gambit, Lasker variation"]
[ECO "A02"]
[Time "21:00:48"]
[TimeControl "2700+45"]

1. f4 e5 2. fxe5 d6 3. exd6 Bxd6 4. Nf3 g5 5. d4 g4 6. Ng5 f5 7. e4 h6 8. e5 Be7
9. Nh3 gxh3 10. Qh5+ Kf8 11. Bc4 Rh7 12. c3 Nc6 13. Nd2 hxg2 14. Rg1 Bh4+ 15.
Kd1 Rg7 16. Rxg2 Bg5 17. Nf3 Qe7 18. Nxg5 hxg5 19. Bxg5 Qe8 20. Qh8 Be6 21. Bh6
Qh5+ 22. Kd2 Qxh6+ 23. Qxh6 Nxh6 24. Rxg7 Kxg7 25. Bxe6 Rd8 26. Rg1+ Kf8 27. Rg6
Nf7 28. Ke3 Ne7 29. Rf6 Nd5+ 30. Bxd5 Rxd5 31. Rxf5 Ke7 32. Ke4 c6 33. h4 Rd8
34. c4 Rh8 35. Rf4 Rh5 36. b4 a6 37. a4 Ke6 38. a5 Nxe5 39. dxe5 Rxe5+ 40. Kd4
Rh5 41. Ke4 Re5+ 42. Kd4 Rh5 43. c5 Ke7 44. Ke3 Ke6 45. Rg4 Kf7 46. Kf3 Rh7 47.
Kg3 Ke6 48. Rg5 Kf6 49. Kg4 Rd7 50. Rf5+ Ke6 51. h5 Rd4+ 52. Rf4 Rd7 53. h6 Ke5
54. Rf5+ Ke6 55. Kg5 Rh7 56. Rf6+ Ke7 57. Rg6 Kf7 58. Kf5 Ke7 59. Rg7+ Rxg7 60.
hxg7 Kf7 61. Ke5 Kxg7 62. Kd6 Kf7 63. Kc7 Ke6 64. Kxb7 Kd5 65. Kxa6 Kc4 66. Kb6
Kxb4 67. a6 {Black resigns} 1-0

[Event "Team 45 45 League T56"]
[Site "Internet Chess Club"]
[Date "2013.02.21"]
[Round "1"]
[White "supermessi"]
[Black "evan7284"]
[Result "1-0"]
[WhiteElo "1621"]
[BlackElo "1639"]
[Opening "QGD: 3.Nc3"]
[ECO "D31"]
[Time "15:00:36"]
[TimeControl "2700+45"]

1. d4 d5 2. c4 e6 3. Nc3 f5 4. Nf3 c6 5. Bf4 Nf6 6. h3 Bd6 7. Be5 O-O 8. e3 Qe7
9. Bd3 Nbd7 10. Bxd6 Qxd6 11. O-O Ne4 12. Rc1 b6 13. cxd5 exd5 14. Qb3 Kh8 15.
a4 Ndf6 16. a5 Rb8 17. Qa2 Be6 18. Na4 c5 19. dxc5 bxc5 20. Qa3 Rfc8 21. Rfd1
Rb4 22. Rxc5 Nxc5 23. Qxb4 Nfe4 24. Bxe4 fxe4 25. Ng5 Bg8 26. Nxe4 Nxe4 27. Qxe4
Rc1 28. Qd4 Rc4 29. Qxc4 {Black resigns} 1-0

[Event "Team 45 45 League T56"]
[Site "Internet Chess Club"]
[Date "2013.02.23"]
[Round "1"]
[White "g8wrb"]
[Black "rahulr"]
[Result "0-1"]
[WhiteElo "1401"]
[BlackElo "1577"]
[Opening "Alekhine's defense: exchange variation"]
[ECO "B03"]
[Time "10:02:24"]
[TimeControl "2700+45"]

1. e4 Nf6 2. e5 Nd5 3. d4 d6 4. c4 Nb6 5. exd6 cxd6 6. Nf3 g6 7. Be2 Bg7 8. O-O
O-O 9. Bg5 Nc6 10. a3 Na5 11. Nbd2 Qc7 12. Rc1 Be6 13. b3 h6 14. Bf4 g5 15. Be3
Bf5 16. Nb1 Nc6 17. Qd2 d5 18. Rfe1 Qd7 19. c5 Nc8 20. Nc3 b6 21. b4 e5 22. Bb5
e4 23. Nxg5 hxg5 24. Bxg5 Qe6 25. Be3 bxc5 26. bxc5 N8e7 27. Qe2 Bg4 28. Qd2 Nf5
29. Qa2 Rad8 30. Bxc6 Qxc6 31. Qd2 Nh4 32. Bg5 Bf6 33. Bxf6 Qxf6 34. Re3 Nf3+
35. gxf3 exf3 36. Re5 Kh8 37. Nxd5 Rxd5 38. Rxd5 Rg8 39. Kf1 Bh3+ 40. Ke1 Rg1#
{White checkmated} 0-1

[Event "Team 45 45 League T56"]
[Site "Internet Chess Club"]
[Date "2013.03.04"]
[Round "1"]
[White "SlimeDog2"]
[Black "HardWork"]
[Result "1/2-1/2"]
[WhiteElo "2088"]
[BlackElo "2077"]
[Opening "QGD Slav: Wiesbaden variation"]
[ECO "D17"]
[Time "22:51:33"]
[TimeControl "2700+45"]

1. Nf3 Nf6 2. c4 c6 3. d4 d5 4. Nc3 dxc4 5. a4 Bf5 6. Ne5 e6 7. f3 Bb4 8. Kf2
Nbd7 9. Nxc4 O-O 10. e4 Bg6 11. Be3 c5 12. d5 Bxc3 13. bxc3 exd5 14. exd5 Re8
15. Ra2 Nb6 16. Nxb6 axb6 17. Bc4 Ne4+ 18. fxe4 Qh4+ 19. Kf1 Qxe4 20. Bb5 Qxe3
21. Re2 Qf4+ 22. Rf2 Qe3 23. Re2 Qf4+ 24. Rf2 Qe3 25. Re2 {Game drawn by
repetition} 1/2-1/2

[Event "Team 45 45 League T56"]
[Site "Internet Chess Club"]
[Date "2013.02.20"]
[Round "1"]
[White "PhoebeXYZ"]
[Black "sonoftill"]
[Result "0-1"]
[WhiteElo "1949"]
[BlackElo "2035"]
[Opening "Sicilian: Alapin's variation (2.c3)"]
[ECO "B22"]
[Time "13:00:55"]
[TimeControl "2700+45"]

1. e4 c5 2. c3 g6 3. d4 cxd4 4. cxd4 d5 5. exd5 Nf6 6. Nc3 Nxd5 7. Qb3 e6 8. Nf3
Bg7 9. Bc4 Ne7 10. O-O O-O 11. Bg5 Nbc6 12. Qa3 h6 13. Be3 Qa5 14. Rfd1 Qxa3 15.
bxa3 Nf5 16. Rab1 Rd8 17. Nb5 a6 18. Nc7 Ra7 19. d5 Nxe3 20. fxe3 exd5 21. Bxd5
b5 22. Nxb5 Rxd5 23. Nxa7 Rxd1+ 24. Rxd1 Nxa7 25. Rd8+ Kh7 26. Nd4 Bf6 27. Re8
Kg7 28. a4 Bb7 29. Rb8 Bd5 30. Rb6 Bc4 31. Rb7 Bg5 32. Kf2 Nc8 33. Rc7 Nd6 34.
g3 Bxa2 35. h4 Bf6 36. Kg2 Bd5+ 37. Kh2 Ne4 38. Rd7 Ba2 39. Ra7 Be5 40. Rxa6
Bxg3+ 41. Kh3 Bc4 42. Ra7 Bf1+ 43. Kg4 Bg2 44. h5 gxh5+ 45. Kf5 Nd6# {White
checkmated} 0-1

[Event "Team 45 45 League T56"]
[Site "Internet Chess Club"]
[Date "2013.02.25"]
[Round "1"]
[White "perikitosax"]
[Black "Freitac"]
[Result "1-0"]
[WhiteElo "1943"]
[BlackElo "1813"]
[Opening "QGD Slav: Czech defense"]
[ECO "D17"]
[Time "15:46:30"]
[TimeControl "2700+45"]

1. d4 d5 2. Nf3 Nf6 3. c4 c6 4. Nc3 dxc4 5. a4 Bf5 6. Nh4 Bg4 7. h3 Bh5 8. g4
Bg6 9. Nxg6 hxg6 10. Bg2 e6 11. O-O Qc7 12. e4 Be7 13. Qe2 Na6 14. Rd1 O-O 15.
Qxc4 Rfd8 16. Be3 Rac8 17. Rac1 Qb8 18. Qe2 Nb4 19. Bf3 Kf8 20. g5 Nd7 21. Bg4
Nb6 22. Kg2 Bd6 23. a5 Na8 24. Qf3 Kg8 25. h4 Nc7 26. Qh3 Nb5 27. h5 gxh5 28.
Qxh5 Bf4 29. g6 f5 30. Qh7+ Kf8 31. Qh8+ Ke7 32. Qxg7+ {Black resigns} 1-0